 Dungeon Crawl Stone Soup version 0.22.0-38-g04b72b8 (webtiles) character file.

107 Fang the Skirmisher (level 4, 0/29 HPs)
             Began as a Gargoyle Berserker on Aug 30, 2018.
             Was a Believer of Trog.
             Slain by an orc wizard
             ... wielding a +0 dagger
              (2 damage)
             ... on level 3 of the Dungeon.
             The game lasted 00:02:26 (1438 turns).

Fang the Skirmisher (Gargoyle Berserker)            Turns: 1438, Time: 00:02:26

Health: 0/29       AC:  7    Str: 21    XL:     4   Next: 86%
Magic:  4/4        EV: 12    Int:  8    God:    Trog [**....]
Gold:   177        SH:  0    Dex:  9    Spells: 3/3 levels left

rFire    . . .     SeeInvis .   a - +0 hand axe
rCold    . . .     Gourm    .   (no shield)
rNeg     + . .     Faith    .   b - +0 animal skin
rPois    ∞         Spirit   .   (no helmet)
rElec    +         Reflect  .   (no cloak)
rCorr    .         Harm     .   q - +1 pair of gloves
MR       .....                  (no boots)
Stlth    +.........             (no amulet)
HPRegen  0.09/turn              (no ring)
MPRegen  0.09/turn              (no ring)

@: berserk cooldown, slowed, very slow
A: negative energy resistance 1, electricity resistance, unbreathing,
petrification resistance, rot immunity, AC +3
a: Berserk, Trog's Hand, Renounce Religion


You were on level 3 of the Dungeon.
You worshipped Trog.
Trog was pleased with you.
You were near starving.

You visited 1 branch of the dungeon, and saw 3 of its levels.

You collected 177 gold pieces.

Inventory:

Hand Weapons
 a - a +0 hand axe (weapon)
Armour
 b - a +0 animal skin (worn)
 q - a +1 pair of gloves (worn)
Jewellery
 f - a +4 amulet of reflection {unknown}
Scrolls
 d - a scroll of amnesia
 g - 2 scrolls of blinking {unknown}
 i - 3 scrolls of remove curse {unknown}
 k - 6 scrolls of identify {unknown}
 m - 2 scrolls of immolation {unknown}
 n - a scroll of fear {unknown}
 p - a scroll of teleportation {unknown}
 r - a scroll of enchant weapon {unknown}
Potions
 e - 2 potions of degeneration {unknown}
 h - a potion of curing {unknown}
 j - 2 potions of flight {unknown}
 l - 2 potions of ambrosia {unknown}
 o - a potion of berserk rage {unknown}
 s - a potion of heal wounds {unknown}
Comestibles
 c - 3 rations


   Skills:
 + Level 4.1 Fighting
 + Level 4.0 Axes
 + Level 2.3 Armour
 + Level 2.1 Dodging
 + Level 0.3 Stealth


You had 3 spell levels left.
You didn't know any spells.
Your spell library was empty.

Dungeon Overview and Level Annotations

Branches:
Dungeon (3/15)

Altars:
Ashenzari


Innate Abilities, Weirdness & Mutations

You are resistant to torment.
Your stone body is resilient. (AC +3)
You are immune to poison.
You resist negative energy. (rN+)
You are resistant to electric shocks. (rElec)
You can survive without breathing.
You are immune to petrification.
You are immune to rotting.


Message History

The orc hits you but does no damage. The orc barely misses you.
Unknown command.
You hit the orc.
The orc is severely wounded.
You hit the orc. The orc hits you.
* * * LOW HITPOINT WARNING * * *
The orc closely misses you. The orc hits you.
* * * LOW HITPOINT WARNING * * *
The orc wizard closely misses you.
You slash the orc!
You kill the orc!
Trog accepts your kill.
You hit the orc wizard. You hit the orc but do no damage.
The orc closely misses you.
The orc wizard hits you but does no damage.
As you read the scroll labeled HUWKAISHREE, it crumbles to dust.
It is a scroll of amnesia.
You feel forgetful for a moment. The orc hits you but does no damage.
The orc wizard hits you with a dagger.
You die...

### ##### #<# ...# #.#
#######.######.#
.............#.#
###.#..####.#.# #o#..#
#.#.######
#######@#..####.#†).....
......o)()..............
#####.#[#..####.#.....##
#+#.#..# #.#.....#
..#..# #.#.....# ...#..#
#.#.....# .......#
#.#.....# .......##
#.####### .....#### #.


You could see an orc wizard and an orc.

Vanquished Creatures
  2 adders
  3 gnolls (D:2)
  An ooze (D:3)
  A worm (D:2)
  A dart slug (D:1)
  A leopard gecko (D:2)
  3 orcs (D:3)
  6 giant cockroaches
  3 goblins
  2 hobgoblins (D:1)
  3 jackals (D:1)
  2 kobolds
  A quokka (D:3)
  2 ball pythons (D:2)
  7 bats
  2 frilled lizards (D:2)
  8 rats
48 creatures vanquished.

Vanquished Creatures (others)
  2 fungi (D:2)
  A plant (D:2)
3 creatures vanquished.

Grand Total: 51 creatures vanquished

Notes
Turn   | Place    | Note
-------+----------+-------------------------------------------
     0 | D:1      | Fang the Gargoyle Berserker began the quest for the Orb.
     0 | D:1      | Reached XP level 1. HP: 14/14 MP: 1/1
   104 | D:1      | Reached XP level 2. HP: 19/19 MP: 2/2
   463 | D:1      | Reached XP level 3. HP: 20/24 MP: 3/3
   827 | D:2      | Found a shattered altar of Ashenzari.
   831 | D:2      | Saw a vision of the Swamp and the Spider Nest.
   831 | D:2      | Noticed a redback
   831 | D:2      | Noticed a wolf spider
   831 | D:2      | Noticed a redback
   831 | D:2      | Noticed a hornet
   831 | D:2      | Noticed a wolf spider
   831 | D:2      | Noticed a redback
   831 | D:2      | Noticed a redback
   831 | D:2      | Noticed a bullfrog
   831 | D:2      | Noticed a water moccasin
   831 | D:2      | Noticed a bullfrog
   831 | D:2      | Noticed a bullfrog
   832 | D:2      | Noticed an alligator
   914 | D:2      | Reached ** piety under Trog
  1096 | D:2      | Reached XP level 4. HP: 23/29 MP: 4/4
  1438 | D:3      | Slain by an orc wizard

Skill      XL: |  1  2  3  4 |
---------------+-------------+-----
Axes           | 3 4 |  4.0
Dodging        | 2 |  2.1
Fighting       | 4 |  4.1
Armour         | |  2.3
Stealth        | |  0.3

Action                   |  1- 3 |  4- 6 || total
-------------------------+-------+-------++-------
Melee: Hand axe          |   117 |    26 ||   143
Invok: Berserk           |     1 |     1 ||     2
  Use: Scroll            |       |     1 ||     1
  Eat: Chunk             |       |     2 ||     2
Armor: Animal skin       |    42 |    15 ||    57
Dodge: Dodged            |    90 |    16 ||   106
